 Dungeon Crawl Stone Soup version 0.17-a0-1393-gcb420ff (webtiles) character file.

170 ololoev the Stinger (level 5, 0/35 HPs)
             Began as a Mummy Venom Mage on June 16, 2015.
             Killed from afar by an orc wizard (6 damage)
             ... with a puff of flame
             ... on level 3 of the Dungeon.
             The game lasted 00:06:17 (3302 turns).

ololoev the Stinger (Mummy Venom Mage)              Turns: 3302, Time: 00:06:19

Health: 0/35       AC:  5    Str: 11    XL:     5   Next: 26%
Magic:  1/10       EV: 12    Int: 16    God:
Gold:   126        SH:  0    Dex: 12    Spells: 3 memorised, 2 levels left

rFire  x . .     SeeInvis .     i - +1 hand axe (freeze)
rCold  + . .     Clarity  .     a - +0 robe
rNeg   + + +     SustAt   .     (no shield)
rPois  ∞         Gourm    .     (no helmet)
rElec  .         Spirit   .     k - +0 cloak
rCorr  .         Warding  .     o - +0 pair of gloves
rMut   .         Stasis   .     p - +0 pair of boots
MR     .....                    (no amulet)
Stlth  ++........               (no ring)
                                l - ring of flight

@: very slightly contaminated, not resistant to hostile enchantments, unstealthy
A: no food or potions, fire vulnerability, cold resistance 1, negative energy
resistance 3, torment resistance, unbreathing
a: Evoke Flight


Innate Abilities, Weirdness & Mutations

You do not eat or drink.
Your flesh is vulnerable to fire.
You are immune to poison.
Your flesh is cold resistant.
You are immune to negative energy.
You are immune to unholy pain and torment.
You can survive without breathing.

Inventory:

Hand weapons
 i - a +1 hand axe of freezing (weapon)
Armour
 a - a +0 robe (worn)
 k - a +0 cloak (worn)
 o - a +0 pair of gloves (worn)
 p - a +0 pair of boots (worn)
Jewellery
 l - a ring of flight (left hand)
Scrolls
 c - a scroll of fog {unknown}
 d - 2 scrolls of recharging {unknown}
 e - a scroll of fear {unknown}
 f - a scroll of enchant weapon {unknown}
 g - 8 scrolls of identify {unknown}
 h - a scroll of random uselessness {unknown}
 j - 2 scrolls of remove curse {unknown}
 m - 2 scrolls of teleportation {unknown}
 n - 2 scrolls of magic mapping {unknown}
Books
 b - a Young Poisoner's Handbook

   Spells                             Type                      Level
   a - Sting                          Conjuration/Poison           1
   b - Cure Poison                    Poison                       2
   c - Mephitic Cloud                 Conjuration/Poison/Air       3
   d - Olgreb's Toxic Radiance        Poison                       4
   e - Venom Bolt                     Conjuration/Poison           5


   Skills:
 - Level 1.5 Dodging
 - Level 1.5 Stealth
 + Level 3.4 Spellcasting
 * Level 4.7 Poison Magic


You had 2 spell levels left.
You knew the following spells:

 Your Spells              Type           Power        Failure   Level  Hunger
a - Sting                 Conj/Pois      ##..         10%         1    N/A
b - Mephitic Cloud        Conj/Pois/Air  #.......     34%         3    N/A
c - Olgreb's Toxic Radia  Pois           ###.....     28%         4    N/A


You were on level 3 of the Dungeon.
You were not hungry.

You visited 1 branch of the dungeon, and saw 4 of its levels.

You collected 126 gold pieces.

.#.###........#########.....#####
.#.###..#........# #......#
........#...#.##.### ####...#
....###.#####.##...# #.).# ###.#
#.......####.# #...# #.#
############.#### #...# #†#######
#......# #...# #.#.....#
##[#.##.####...#### #.#.....#
#o@................ ###.#...(.#
#..#...............
.##.#.....#####..................
.##.#.....)).......##.####...####
.##.##.##.##..#.......# #...#
....##.##.............# #...#
.#####.#####.†##.####.# #...#
.#####........##[.....# #...#
...........(..######### #...#

Notes
Turn   | Place    | Note
--------------------------------------------------------------
     0 | D:1      | ololoev the Mummy Venom Mage began the quest for the Orb.
     0 | D:1      | Reached XP level 1. HP: 13/13 MP: 3/3
   280 | D:1      | Reached XP level 2. HP: 7/19 MP: 1/5
  1414 | D:1      | Reached XP level 3. HP: 24/24 MP: 6/6
  1419 | D:1      | Learned a level 3 spell: Mephitic Cloud
  1758 | D:2      | Reached skill level 4 in Poison Magic
  2314 | D:2      | Reached XP level 4. HP: 27/30 MP: 1/8
  2335 | D:2      | Learned a level 4 spell: Olgreb's Toxic Radiance
  3122 | D:3      | Reached XP level 5. HP: 33/35 MP: 1/10
  3302 | D:3      | Killed from afar by an orc wizard

Dungeon Overview and Level Annotations

Branches:
Dungeon (4/15)
 Temple: D:4-7

Altars:


Message History

You closely miss the orc.
The orc is heavily wounded.
The orc wizard barely misses you. The orc misses you.
The orc wizard hits you but does no damage.
Casting: Olgreb's Toxic Radiance
Confirm with . or Enter, or press ? or * to list all spells.
Aiming: Mephitic Cloud
Press: ? - help, Shift-Dir - straight line, f - orc wizard
Aim: an orc wizard, wielding a dagger and wearing a robe (heavily wounded)
You miscast Mephitic Cloud.
Wisps of poison gas drift from your hands.
The orc barely misses you.
The orc wizard hits you but does no damage.
You closely miss the orc wizard.
The orc wizard is heavily wounded.
You hit the orc. You freeze the orc.
The orc is severely wounded.
The orc hits you.
The orc wizard casts a spell.
The orc wizard seems to speed up.
You barely miss the orc wizard.
The orc wizard is heavily wounded.
You hit the orc. You freeze the orc.
You kill the orc!
The orc wizard barely misses you.
The orc wizard hits you but does no damage.
You hit the orc wizard but do no damage.
The orc wizard is heavily wounded.
The orc wizard closely misses you. The orc wizard misses you.
You hit the orc wizard. You freeze the orc wizard.
The orc wizard is severely wounded.
The orc wizard closely misses you.
The orc wizard glows brightly for a moment.
You hit the orc wizard. You freeze the orc wizard.
The orc wizard is severely wounded.
The orc wizard gestures at you while chanting.
The magic dart hits you!
The orc wizard points at you and mumbles some strange words.
The puff of flame hits you! The fire burns you terribly!
You die...

You could see an orc wizard.

Vanquished Creatures
  An orc wizard (D:3)
  7 adders
  2 giant geckos
  5 orcs (D:3)
  6 giant cockroaches
  12 goblins
  7 hobgoblins
  A quokka (D:2)
  A ball python (D:1)
  9 bats
  3 giant newts
  5 kobolds
  14 rats
73 creatures vanquished.

Action                   |  1- 3 |  4- 6 || total
-------------------------+-------+-------++-------
Melee: Unarmed           |    69 |       ||    69
       Whip              |     5 |       ||     5
       Hand axe          |    32 |    71 ||   103
 Cast: Sting             |    54 |       ||    54
       Olgreb's Toxic Ra |       |     1 ||     1
 Stab: Sleeping          |       |     3 ||     3

Vault maps used:
D:1:      onia_arrival_handbag, hangedman_decor_peaks_small, minmay_liquid_box
D:2:      minmay_close_crescents
D:3:      grunt_temple_overflow_cloverleaf
D:4:      serial_shops, nicolae_shop_stone, first_bread
